 Dungeon Crawl Stone Soup version 0.27.0-66-gdc8fb28755 (webtiles) character file.

Game seed: 11336495004963317541

19 Spectrina the Covert (level 2, -1/20 HPs)
             Began as a Vampire Delver on Aug 20, 2021.
             Was an Initiate of Trog.
             Slain by Purgy (3 damage)
             ... in a sewer.
             The game lasted 00:04:45 (497 turns).

Spectrina the Covert (Vampire Delver)                Turns: 497, Time: 00:04:46

Health: -1/20      AC:  5    Str: 11    XL:     2   Next: 55%
Magic:  2/2        EV: 12    Int: 12    God:    Trog [......]
Gold:   30         SH:  0    Dex: 15    Spells: 1/1 levels left

rFire    . . .     SeeInvis +   a - +0 short sword
rCold    . . .     Faith    .   (no shield)
rNeg     . . .     Spirit   .   b - +0 leather armour
rPois    .         Reflect  .   (no helmet)
rElec    .         Harm     .   (no cloak)
rCorr    .         Rampage  .   (no gloves)
Will     .....                  (no boots)
Stlth    ++++......             (no amulet)
HPRegen  0.26/turn              (no ring)
MPRegen  0.08/turn              (no ring)

@: healing quickly
A: alive, fangs 3, see invisible, vampiric 1, hooves 1, iridescent scales 1,
subdued magic 1, [frail 1]
a: Exsanguinate, Renounce Religion


You were in a sewer.
You worshipped Trog.
Trog was noncommittal.
You visited 1 branch of the dungeon, and saw 3 of its levels.
You also visited: Sewer.

You collected 30 gold pieces.

Inventory:

Hand Weapons
 a - a +0 short sword (weapon)
 i - a +0 hunting sling
Missiles
 k - 15 arrows
 l - an atropa-tipped dart (quivered)
Armour
 b - a +0 leather armour (worn)
Wands
 g - a wand of digging (3)
Scrolls
 c - a scroll of fog
 d - a scroll of teleportation {unknown}
 e - a scroll of enchant armour {unknown}
 j - 2 scrolls of identify {unknown}
Potions
 f - a potion of haste


   Skills:
 - Level 2.6 Fighting
 + Level 2.5 Short Blades
 + Level 0.3 Throwing
 - Level 2.1 Dodging
 + Level 8.0 Stealth


You had one spell level left.
You didn't know any spells.
Your spell library was empty.

Dungeon Overview and Level Annotations

Branches:
Dungeon (5/15)              Sewer (1/1)
 Temple: D:4-7

Altars:
Elyvilon
Trog

Annotations:
Sewer Purgy


Innate Abilities, Weirdness & Mutations

Your natural rate of healing is accelerated.
You have razor-sharp teeth.
You have supernaturally acute eyesight. (SInv)
You are afflicted with vampirism.
You have large cloven feet.
You are partially covered in iridescent scales. (AC +2)
Your spells are a little easier to cast, but a little less powerful.
[You are frail. (-10% HP)]


Message History

Okay, then.
Throw: 4 darts (atropa)
Press: ? - help, Q - select action Shift-Dir - straight line, f - Purgy
Aim: Purgy (51% to hit, chance to blind on hit: 67%)
You throw an atropa-tipped dart.
The atropa-tipped dart closely misses Purgy.
You hear a splash.
Purgy bites you. Purgy barely misses you. x2
Throw: 3 darts (atropa)
Press: ? - help, Q - select action Shift-Dir - straight line, f/p - Purgy
Aim: Purgy (51% to hit, chance to blind on hit: 67%)
You throw an atropa-tipped dart.
The atropa-tipped dart completely misses Purgy.
You hear a splash.
Purgy bites you. Purgy claws you but does no damage. Purgy barely misses you.
Throw: 2 darts (atropa)
Press: ? - help, Q - select action Shift-Dir - straight line, f/p - Purgy
Aim: Purgy (51% to hit, chance to blind on hit: 70%)
You throw an atropa-tipped dart. The atropa-tipped dart hits Purgy.
Purgy appears confused.
You hear a splash.
You hit Purgy. You kick Purgy. Your bite misses Purgy.
Purgy is moderately wounded.
Purgy seems less confused.
Purgy closely misses you. x2; Purgy misses you.
You barely miss Purgy.
Purgy is lightly wounded.
Purgy closely misses you. Purgy claws you. Purgy barely misses you.
You hit Purgy. You kick Purgy. Your bite misses Purgy.
Purgy is moderately wounded.
Purgy bites you.
* * * LOW HITPOINT WARNING * * *
Purgy barely misses you. x2
You closely miss Purgy. Your kick misses Purgy.
Purgy is moderately wounded.
Purgy barely misses you. Purgy misses you. Purgy closely misses you.
You catch the helpless Purgy completely off-guard!
You puncture Purgy!
Purgy is severely wounded.
Purgy is no longer blind.
Purgy bites you.
You die...

#.≈≈# #...#
#..## ##.≈#
#..# #..#
#..# #..#
#.≈## ##≈.#
#.≈.# #≈..#
##..###≈.##
#..≈#T..#
##...@.##
#...≈.#
##.≈≈##
#..≈#
.#.#.[#
=(#.#(?#
#########


You could see Purgy.

Vanquished Creatures
  A dart slug (D:5)
  An orc (D:3)
  2 ball pythons (D:3)
  An endoplasm (D:4)
  2 jackals (Sewer)
  A quokka (D:3)
  A goblin (D:3)
  5 kobolds
  2 rats (D:3)
16 creatures vanquished.

Notes
Turn   | Place    | Note
-------+----------+-------------------------------------------
     0 | D:5      | Spectrina the Vampire Delver began the quest for the Orb.
     0 | D:5      | Reached XP level 1. HP: 17/17 MP: 1/1
    12 | D:5      | Found a bloodstained altar of Trog.
    21 | D:5      | Became a worshipper of Trog the Wrathful
    78 | D:4      | Noticed a black bear
   178 | D:3      | Reached XP level 2. HP: 16/18 MP: 2/2
   387 | D:3      | Found a glowing drain.
   392 | Sewer    | Entered a sewer
   422 | Sewer    | Reached skill level 8 in Stealth
   459 | Sewer    | Noticed Purgy
   465 | Sewer    | Gained mutation: Your spells are a little easier to cast,
                  | but a little less powerful. [potion of mutation]
   465 | Sewer    | Gained mutation: You are partially covered in iridescent
                  | scales. (AC +2) [potion of mutation]
   465 | Sewer    | Gained mutation: You have large cloven feet. [potion of
                  | mutation]
   497 | Sewer    | Slain by Purgy

Illustrated notes

Levels and vault maps discovered:
D:3:      layout_basic, portal_sewer_entry_e
D:4:      layout_rooms, uniq_ijyb, uniq_duvessa
D:5:      layout_basic, minitemple, minmay_temple_entry_butterflies,
          chequers_serial_rivers_micro_c
Sewer:    sewer_the_moccasin

Skill      XL: |  1  2 |
---------------+-------+-----
Stealth        | 8 |  8.0
Fighting       | |  2.6
Short Blades   | |  2.5
Throwing       | |  0.3
Dodging        | |  2.1

Action                   || total
-------------------------++-------
Melee: Short sword       ||    40
       Kick              ||     2
       Bite              ||     2
Throw: Dart              ||     3
 Abil: Exsanguinate      ||     1
       Revivify          ||     1
  Use: Scroll            ||     2
       Potion            ||     1
 Stab: Sleeping          ||     9
       Invisible         ||     1
Armor: Leather armour    ||     5
Dodge: Dodged            ||    31
